 Dungeon Crawl Stone Soup version 0.30-a0-800-g7c544603b3 (webtiles) character file.

Game seed: 7750869384156403632

87 NinjaNoafa the Conjurer (level 5, -10/39 HPs)
             Began as a Meteoran Conjurer on Feb 21, 2023.
             Killed from afar by Sigmund (11 damage)
             ... with a puff of flame
             ... on level 2 of the Dungeon.
             The game lasted 00:03:51 (856 turns).

NinjaNoafa the Conjurer (Meteoran Conjurer)          Turns: 856, Time: 00:03:52

Health: -10/39     AC:  3    Str:  8    XL:     5   Next: 8%
Magic:  2/13       EV: 12    Int: 22    God:
Gold:   40         SH:  0    Dex: 12    Spells: 11/14 levels left

rFire   . . .      SeeInvis .    d - +0 dagger
rCold   . . .      Faith    .    (no shield)
rNeg    . . .      Spirit   .    a - +0 robe
rPois   .          Reflect  .    (no helmet)
rElec   .          Harm     .    (no cloak)
rCorr   .          Rampage  .    h - +0 pair of gloves
Will    .....                    (no boots)
Stlth   +                        (no amulet)
HPRegen 0.26/turn                (no ring)
MPRegen 0.13/turn                (no ring)

@: glowing
A: sense surroundings 1, otherworldly, glowing, explore regen
a: no special abilities


You were on level 2 of the Dungeon.
You visited 1 branch of the dungeon, and saw 2 of its levels.

You collected 40 gold pieces.

Inventory:

Hand Weapons
 d - a +0 dagger (weapon)
Armour
 a - a +0 robe (worn)
 h - a +0 pair of gloves (worn)
Scrolls
 c - a scroll of acquirement {unknown}
 e - a scroll of noise {unknown}
 g - a scroll of poison {unknown}
 i - 2 scrolls of teleportation {unknown}
 k - a scroll of vulnerability {unknown}
 l - 2 scrolls of identify {unknown}
Potions
 b - a potion of magic
 f - a potion of lignification {unknown}
 j - a potion of curing {unknown}


   Skills:
 - Level 0.4 Fighting
 - Level 2.4 Dodging
 - Level 1.4 Stealth
 + Level 5.0 Spellcasting
 + Level 5.4 Conjurations


You had 11 spell levels left.
You knew the following spells:

 Your Spells              Type           Power      Damage    Failure   Level
a - Magic Dart            Conj           100%       1d8       1%          1
b - Searing Ray           Conj           58%        2d6       1%          2

Your spell library contained the following spells:

 Spells                   Type           Power      Damage    Failure   Level
 Dazzling Flash           Conj/Hex       34%        N/A       10%         3
 Fulminant Prism          Conj/Hex       8%         3d7       32%         4
 Iskenderun's Mystic Bla  Conj/Tloc      17%        2d5       32%         4


Dungeon Overview and Level Annotations

Branches:
Dungeon (2/15) Zot: 343

Altars:

Annotations:
D:2 Sigmund


Innate Abilities, Weirdness & Mutations

You passively map a small area around you.
You are easily found by Zot.
You glow in the dark.
You regain HP and MP as you explore.


Message History

(Press . to maintain the ray.)
The searing ray hits Robin.
Robin is lightly wounded.
Robin misses you.
The searing ray misses Robin.
Robin barely misses you. Something hits you.
The searing ray hits Robin!
Robin is heavily wounded.
The searing ray hits something.
You finish channelling your searing ray.
Robin hits you with a +0 club.
Casting: Searing Ray (safe; 1% risk of failure)
Confirm with . or Enter, or press ? or * to list all spells.
Aiming: Searing Ray (safe; 1% risk of failure)
Press: ? - help, Shift-Dir - straight line, f/p - Robin
Aim: Robin, wielding a +0 club, wearing a +0 animal skin and wearing a +0 helmet (heavily wounded, 85% to hit)
The searing ray hits Robin.
Robin is almost dead.
The searing ray hits something! (Press . to maintain the ray.)
Something hits you.
* * * LOW HITPOINT WARNING * * *
Robin hits you with a +0 club.
* * * LOW HITPOINT WARNING * * *
The searing ray hits Robin.
You kill Robin!
Something hits you!
* * * LOW HITPOINT WARNING * * *
You have reached level 5!
The searing ray hits something!
The searing ray hits something.
You finish channelling your searing ray.
Something hits you.
* * * LOW HITPOINT WARNING * * *
A puff of flame appears from out of thin air!
The puff of flame hits you.
* * * LOW HITPOINT WARNING * * *
Okay, then.
A puff of flame appears from out of thin air!
The puff of flame hits you!
You die...

#.............†.'...###...##.....
..###.#.........###.# ###...{###.
...#..#.........# #.# ####.# #.
.#.#......#.##### #.# #.# #. <
.#.##.#.#.#######.########.###. #
.## #.#.#.#.......{.........###
.., #.#.#.#.......#########.# .#
* *,#.?.....# ######.# ,
#...@...# #......# * #......<#
#[.....### #.####### #........# ,
# #......#.. , * , * #......##.
########## , , ** * , * ,,


There were no monsters in sight!

Vanquished Creatures
  Robin (D:2)
  2 adders (D:2)
  A worm (D:2)
  2 dart slugs (D:1)
  3 ball pythons
  2 bats (D:1)
  2 endoplasms
  2 giant cockroaches
  10 goblins
  6 hobgoblins
  2 jackals (D:2)
  5 kobolds (D:1)
  4 quokkas
  A frilled lizard (D:2)
  3 rats
46 creatures vanquished.

Vanquished Creatures (others)
  4 toadstools (D:2)
4 creatures vanquished.

Grand Total: 50 creatures vanquished

Notes
Turn   | Place    | Note
-------+----------+-------------------------------------------
     0 | D:1      | NinjaNoafa the Meteoran Conjurer began the quest for the
                  | Orb.
     0 | D:1      | Reached XP level 1. HP: 14/14 MP: 5/5
   121 | D:1      | Reached XP level 2. HP: 20/20 MP: 5/7
   126 | D:1      | Learned a level 2 spell: Searing Ray
   219 | D:1      | Reached XP level 3. HP: 22/26 MP: 0/9
   527 | D:2      | HP: 1/26 [poisoned by an adder]
   541 | D:2      | Reached XP level 4. HP: 13/34 MP: 0/11
   586 | D:2      | Reached skill level 5 in Conjurations
   761 | D:2      | Noticed Robin
   776 | D:2      | Noticed Sigmund
   816 | D:2      | Reached skill level 5 in Spellcasting
   851 | D:2      | Killed Robin
   852 | D:2      | Reached XP level 5. HP: 7/39 MP: 3/13
   855 | D:2      | HP: 1/39 [something/puff of flame (6)]
   856 | D:2      | Killed from afar by Sigmund

Illustrated notes

Levels and vault maps discovered:
D:1:      psy_arrival_spokes, layout_loops_ring
D:2:      layout_basic, minmay_misc_feat_rows, minmay_misc_feat_tiny,
          st_stairs_6, minmay_gold_behind_fungi, uniq_sigmund, uniq_robin

Skill      XL: |  1  2  3  4 |
---------------+-------------+-----
Spellcasting   | 3 4 5 |  5.0
Conjurations   | 5 |  5.4
Fighting       | |  0.4
Dodging        | |  2.4
Stealth        | |  1.4

Action                     |  1- 3 |  4- 6 || total
---------------------------+-------+-------++-------
  Melee: Dagger            |     3 |     3 ||     6
   Cast: Magic Dart        |    48 |     5 ||    53
         Searing Ray       |     5 |     9 ||    14
 Armour: Robe              |     6 |     7 ||    13
  Dodge: Dodged            |    10 |    11 ||    21

Table legend: (Time is in decaauts)
 A = Elapsed time spent in this place.
 B = Non-inter-level travel time spent in this place.
 C = Inter-level travel time spent in this place.
 D = Time resting spent in this place.
 E = Time spent auto-exploring this place.
 F = Levels seen in this place.
 G = Mean time per level.
                   A        B        C        D        E       F      G
               +--------+--------+--------+--------+--------+-----+--------+
         Total |    855 |    756 |     99 |      0 |     43 |   2 |  427.5 |
       Dungeon |    855 |    756 |     99 |      0 |     43 |   2 |  427.5 |
               +--------+--------+--------+--------+--------+-----+--------+

Top non-repeatable levels by time:
     D:1: 494 daAuts
     D:2: 360 daAuts
